 Dungeon Crawl Stone Soup version 0.31-a0-1369-g7de3fab (webtiles) character file.

Game seed: 5465789554487055241

159 Remcycle the Poker (level 5, -10/38 HPs)
             Began as a Merfolk Gladiator on Dec 23, 2023.
             Killed by nerve-wracking pain
             ... invoked by Grinder
              (12 damage)
             ... on level 4 of the Dungeon.
             The game lasted 00:04:51 (2246 turns).

Remcycle the Poker (Merfolk Gladiator)              Turns: 2246, Time: 00:04:52

Health: -10/38     AC:  4    Str: 17    XL:     5   Next: 40%
Magic:  5/5        EV: 13    Int:  7    God:
Gold:   117        SH:  0    Dex: 15    Spells: 4/4 levels left

rFire   . . .        a - +0 trident
rCold   . . .        (no shield)
rNeg    . . .        b - +0 leather armour
rPois   .            c - +0 helmet
rElec   .            (no cloak)
rCorr   .            (no gloves)
SInv    .            (no boots)
Will    .....        (no amulet)
Stlth   +            (no ring)
HPRegen 0.26/turn    (no ring)
MPRegen 0.09/turn

%: no passive effects
@: no status effects
A: (nimble swimmer 2), mertail
a: no special abilities


You were on level 4 of the Dungeon.
You visited 1 branch of the dungeon, and saw 4 of its levels.

You collected 117 gold pieces.

Inventory:

Hand Weapons
 a - a +0 trident (weapon)
Missiles
 d - 3 throwing nets (quivered)
 e - a javelin
Armour
 b - a +0 leather armour (worn)
 c - a +0 helmet (worn)
Wands
 q - a wand of charming (11)
Scrolls
 h - 2 scrolls of amnesia {unknown}
 i - 2 scrolls of blinking {unknown}
 j - a scroll of enchant weapon {unknown}
 k - 2 scrolls of noise {unknown}
 l - 2 scrolls of fear {unknown}
 m - 3 scrolls of teleportation {unknown}
 o - a scroll of enchant armour {unknown}
Potions
 f - a potion of attraction {unknown}
 g - 4 potions of curing {unknown}
 n - a potion of might {unknown}
 p - a potion of lignification {unknown}
 r - a potion of magic {unknown}
 s - a potion of heal wounds {unknown}
 t - a potion of mutation {unknown}


   Skills:
 - Level 2.1 Fighting
 + Level 7.8 Polearms
 - Level 2.0 Throwing
 - Level 4.0 Dodging


You had 4 spell levels left.
You didn't know any spells.
Your spell library was empty.

Dungeon Overview and Level Annotations

Branches:
Dungeon (4/15)
 Temple: D:4-7

Altars:
Ru
Yredelemnul
Zin

Shops:
D:3 ?

Annotations:
D:3 1 runed translucent door, rotlqkf's ghost, amateur HuGl
D:4 Grinder


Innate Abilities, Weirdness & Mutations

((You are very nimble when in or above water. (Stealth+, EV+, Speed+++)))
Your lower body shifts to a powerful aquatic tail in water.


Message History

You completely miss Grinder.
Grinder is moderately wounded.
Grinder hits you.
You barely miss Grinder.
Grinder is moderately wounded.
Grinder barely misses you.
You hit Grinder but do no damage.
Grinder is moderately wounded.
Grinder gestures at you.
You barely resist. You hit Grinder but do no damage.
Grinder is moderately wounded.
Grinder hits you.
You writhe in agony.
You are too injured to fight recklessly!
You are too injured to fight recklessly!
You are too injured to fight recklessly!
You are too injured to fight recklessly!
You are too injured to fight recklessly!
You closely miss Grinder.
Grinder is moderately wounded.
Grinder barely misses you.
You closely miss Grinder.
Grinder is moderately wounded.
Grinder barely misses you.
You closely miss Grinder.
Grinder is moderately wounded.
Grinder gestures at you. You resist with significant effort.
You barely miss Grinder.
Grinder is moderately wounded.
Grinder hits you!
* * * LOW HITPOINT WARNING * * *
You writhe in agony.
* * * LOW HITPOINT WARNING * * *
You puncture Grinder!
Grinder is heavily wounded.
Grinder gestures at you. Pain shoots through your body!
You die...
Grinder sighs, "Dead already?
I want a refund."

#.>.. #...#
#...#
######...####
#........<..#
#.###.#.###.#
##.#.###.#
#...$.†..#
#...@....#
#...5....#
#...........#
..##.##.......#
# #. #........
#. ........#
#.#...#.#
.....##..


You could see Grinder.

Vanquished Creatures
  An orc priest (D:3)
  Ijyb (D:3)
  5 adders
  A dart slug (D:2)
  5 orcs (D:3)
  2 endoplasms (D:2)
  A giant cockroach (D:3)
  9 goblins
  5 hobgoblins
  2 jackals (D:1)
  A quokka (D:2)
  4 ball pythons
  6 bats
  3 frilled lizards
  3 kobolds
  9 rats
58 creatures vanquished.

Notes
Turn   | Place    | Note
-------+----------+-------------------------------------------
     0 | D:1      | Remcycle the Merfolk Gladiator began the quest for the Orb.
     0 | D:1      | Reached XP level 1. HP: 16/16 MP: 1/1
   201 | D:1      | Reached XP level 2. HP: 21/22 MP: 2/2
   321 | D:1      | Reached skill level 5 in Polearms
  1046 | D:2      | Reached XP level 3. HP: 22/27 MP: 3/3
  1217 | D:2      | Reached skill level 6 in Polearms
  1578 | D:3      | Reached XP level 4. HP: 33/33 MP: 4/4
  1585 | D:3      | Noticed Ijyb
  1604 | D:3      | Killed Ijyb
  1611 | D:3      | Found a runed translucent door.
  1613 | D:3      | Noticed rotlqkf's ghost (amateur HuGl)
  1662 | D:3      | Found a basalt altar of Yredelemnul.
  1668 | D:3      | Found a glowing silver altar of Zin.
  1714 | D:3      | Reached skill level 7 in Polearms
  1753 | D:3      | Found a faded altar of an unknown god.
  1831 | D:3      | Found Rerchazir's Magic Scroll Shoppe.
  1973 | D:3      | Found a sacrificial altar of Ru.
  2091 | D:3      | Reached XP level 5. HP: 29/38 MP: 5/5
  2221 | D:4      | Noticed Grinder
  2225 | D:4      | Paralysed by Grinder for 3 turns
  2246 | D:4      | Killed from afar by Grinder

Illustrated notes

Levels and vault maps discovered:
D:1:      giann_forest_graveyard, layout_loops_corners, serial_glass,
          glass_columns_b, glass_columns_a, feat_on_display, item_on_display_a,
          item_on_display_a, item_on_display_a
D:2:      kennysheep_the_goblin_king, layout_basic
D:3:      layout_basic, mainiacjoe_overflow_small_starburst,
          mainiacjoe_overflow_large_starburst,
          hellmonk_ecumenical_altar_inner_sanctum, serial_shops,
          nicolae_shop_gibbet_a_chance, ebering_ghost_inner_flame,
          serial_rivers, chequers_serial_rivers_small_3,
          chequers_serial_rivers_micro_e, chequers_serial_rivers_micro_d,
          chequers_serial_rivers_micro_a, chequers_serial_rivers_micro_b,
          uniq_ijyb
D:4:      layout_loops_cross, mainiacjoe_overflow_alcove_2,
          beargit_hepliaklqana_dungeon_heroes, uniq_grinder

Skill      XL: |  1  2  3  4 |
---------------+-------------+-----
Polearms       | 5 6 7 |  7.8
Fighting       | |  2.1
Throwing       | |  2.0
Dodging        | |  4.0

Action                     |  1- 3 |  4- 6 || total
---------------------------+-------+-------++-------
  Melee: Trident           |   126 |    73 ||   199
         Punch             |     1 |       ||     1
  Throw: Throwing net      |     1 |       ||     1
   Stab: Sleeping          |     4 |     2 ||     6
         Distracted        |     1 |       ||     1
 Armour: Leather armour    |    52 |    33 ||    85
  Dodge: Dodged            |    61 |    37 ||    98

Table legend: (Time is in decaauts)
 A = Elapsed time spent in this place.
 B = Non-inter-level travel time spent in this place.
 C = Inter-level travel time spent in this place.
 D = Time resting spent in this place.
 E = Time spent auto-exploring this place.
 F = Levels seen in this place.
 G = Mean time per level.
                   A        B        C        D        E       F      G
               +--------+--------+--------+--------+--------+-----+--------+
         Total |   2236 |   2184 |     52 |      2 |   1806 |   4 |  559.0 |
       Dungeon |   2236 |   2184 |     52 |      2 |   1806 |   4 |  559.0 |
               +--------+--------+--------+--------+--------+-----+--------+

Top non-repeatable levels by time:
     D:1: 973 daAuts
     D:3: 634 daAuts
     D:2: 601 daAuts
     D:4: 26 daAuts
